 Dungeon Crawl Stone Soup version 0.26-a0-1101-g8f9f7f7418 (webtiles) character file.

Game seed: 9445421649201189791

43801 night the Thaumaturge (level 14, -1/102 HPs)
             Began as a Naga Venom Mage on Dec 14, 2020.
             Was a High Priest of Vehumet.
             Slain by a blink frog (7 damage)
             ... on level 6 of the Lair of Beasts on Dec 15, 2020.
             The game lasted 01:08:39 (20529 turns).

night the Thaumaturge (Naga Venom Mage)            Turns: 20529, Time: 01:08:40

Health: -1/102     AC: 11    Str: 10    XL:     14   Next: 25%
Magic:  32/40      EV: 13    Int: 21    God:    Vehumet [*****.]
Gold:   881        SH:  0    Dex: 12    Spells: 21/39 levels left

rFire    . . .     SeeInvis +   Q - +9 mace of Pezxorit {vorpal, rElec}
rCold    + . .     Faith    .   (no shield)
rNeg     . . .     Spirit   .   u - +2 leather armour {rC+}
rPois    +         Reflect  .   i - +0 helmet
rElec    +         Harm     .   L - +0 cloak
rCorr    .         Rampage  .   w - +0 pair of gloves
Will     +....                  (no barding)
Stlth    ++........             (no amulet)
HPRegen  0.27/turn              o - +4 ring of evasion
MPRegen  0.27/turn              p - ring of magical power

@: about to teleport, very slow
A: large, see invisible, deformed body, poison resistance, slowness 2, spit
poison 1, constrict 1, AC +4
a: Spit Poison, Renounce Religion


You were on level 6 of the Lair of Beasts.
You worshipped Vehumet.
Vehumet was extremely pleased with you.
You visited 3 branches of the dungeon, and saw 16 of its levels.

You collected 1109 gold pieces.
You spent 228 gold pieces at shops.

Inventory:

Hand Weapons
 a - a +4 long sword
 b - the +1 arbalest "Roamoan" {penet, *Corrode Int+4 Dex+4 SInv}
   (You bought it in a shop on level 4 of the Dungeon)

   Ammo fired by it passes through the targets it hits, potentially hitting all
   targets in its path until it reaches maximum range.
   It affects your intelligence (+4).
   It affects your dexterity (+4).
   It lets you see invisible.
   It may corrode you when you take damage.
 Q - the +9 mace of Pezxorit (weapon) {vorpal, rElec}
   (You found it on level 9 of the Dungeon)

   It inflicts extra damage upon your enemies.
   It insulates you from electricity.
 R - a +2 glaive of venom
Missiles
 s - 30 poisoned darts (quivered)
 x - 134 bolts
 y - 12 throwing nets
Armour
 i - a +0 helmet (worn)
 k - a +0 robe
 u - a +2 leather armour of cold resistance (worn)
 w - a +0 pair of gloves (worn)
 L - a +0 cloak (worn)
Jewellery
 o - a +4 ring of evasion (left hand)
 p - a ring of magical power (right hand)
 J - an uncursed ring of protection from fire
 P - a +6 ring of dexterity
 S - an uncursed ring of protection from cold
 T - a cursed ring of teleportation {unknown}
Wands
 B - a wand of paralysis (43)
 C - a wand of digging (1)
 E - a wand of disintegration (8)
 O - a wand of polymorph (8)
Scrolls
 e - a scroll of identify
 g - 3 scrolls of fog
 n - 6 scrolls of remove curse
 v - 4 scrolls of teleportation
 A - 3 scrolls of enchant weapon
 H - 2 scrolls of amnesia
 K - a scroll of fear
 M - a scroll of blinking
 V - 4 scrolls of magic mapping
 W - a scroll of brand weapon {unknown}
Potions
 c - 3 potions of flight
 d - 3 potions of cancellation
 f - 4 potions of resistance
 h - 3 potions of curing
 j - a potion of magic
 m - 5 potions of attraction
 q - 3 potions of haste
 r - 4 potions of lignification
 t - a potion of brilliance
 z - 2 potions of ambrosia
 D - 4 potions of degeneration
 F - a potion of might {unknown}
 G - a potion of berserk rage
 N - a potion of invisibility
Miscellaneous
 U - a condenser vane (inert)


   Skills:
 - Level 1.5 Dodging
 - Level 3.0 Stealth
 + Level 13.3 Spellcasting
 + Level 12.7 Conjurations
 - Level 1.0 Transmutations
 + Level 12.7 Fire Magic
 - Level 10.2 Poison Magic


You had 21 spell levels left.
You knew the following spells:

 Your Spells              Type           Power        Failure   Level
a - Foxfire               Conj/Fire      ####         1%          1
b - Poisonous Vapours     Pois/Air       #####.       1%          2
c - Ignite Poison         Fire/Tmut/Pois #####...     1%          3
d - Olgreb's Toxic Radia  Pois           ######..     1%          4
e - Mephitic Cloud        Conj/Pois/Air  #####...     1%          3
f - Sting                 Tmut/Pois      ####         1%          1
g - Sticky Flame          Conj/Fire      ######..     1%          4

Your spell library contained the following spells:

 Spells                   Type           Power        Failure   Level
 Spellforged Servitor     Conj/Summ      #####.....   65%         7
 Magic Dart               Conj           ####         1%          1
 Conjure Flame            Conj/Fire      ######..     1%          3
 Blink                    Tloc           N/A          10%         2
 Call Imp                 Summ           ##......     10%         2
 Slow                     Hex            ##......     10%         2


Dungeon Overview and Level Annotations

Branches:
Dungeon (9/15)             Temple (1/1) D:4            Lair (6/6) D:8
 Shoals (0/4) Lair:2        Snake (0/4) Lair:2
  Slime: Lair:5-6       Orc: D:9-12

Altars:
Ashenzari
Cheibriados
Dithmenos
Elyvilon
Fedhas
Gozag
Hepliaklqana
Kikubaaqudgha
Makhleb
Nemelex Xobeh
Okawaru
Qazlal
Ru
Sif Muna
Trog
Uskayaw
Vehumet
Wu Jian
Xom
Yredelemnul
Zin
The Shining One

Shops:
D:4 (

Portals:
Abyss: Lair:5

Annotations:
D:3 3 runed translucent doors, Goblin1989's ghost, amateur OpCK
Lair:1 3 runed translucent doors, exclusion: 2 oklob plants, Socynen's ghost, journeyman DrIE
Lair:5 2 transporters, PanSaczeczos's ghost, journeyman TeFE
Lair:6 Josephine; Rupert


Innate Abilities, Weirdness & Mutations

You cannot wear boots.
Your serpentine skin is tough. (AC +4)
You have supernaturally acute eyesight. (SInv)
Armour fits poorly on your strangely shaped body.
Your system is resistant to poisons. (rPois)
You cover ground very slowly.
You can spit poison.
You can use your snake-like lower body to constrict enemies.


Message History

An ooze comes into view.
The ooze moves out of view.
The blink frog croaks.
Found 18 gold pieces.
As you read the scroll of teleportation, it crumbles to dust.
You feel strangely unstable.
The ooze quivers.
You hear a bellow!
The black mamba bites you.
* * * LOW HITPOINT WARNING * * *
You are poisoned.
The black mamba poisons you!
A jelly comes into view.
The blink frog hits you!!
* * * LOW HITPOINT WARNING * * *
The blink frog blinks!
You feel better. The black mamba misses you. The black mamba bites you!
* * * LOW HITPOINT WARNING * * *
The blink frog hits you!
You die...

.......#
......P. ... #
......... ..< #
#.##.....# ...
≈ #.≈ ≈ #.≈##
#.# ########
#≈≈.#
#....#..h...#.#
.###.≈@
.......@.......
.....Fy
.......SF......
....#..
...............
. ###
....S.....F....
.......J.......
....J..#JJ.....
.....#.


JJ..... ....... ....... You could see a polar bear, a black mamba, 2 blink
frogs, a water moccasin, 2 jellies and 4 oozes.

Vanquished Creatures
  2 hydras
  A catoblepas (Lair:3)
  2 two-headed ogres
  3 death yaks (Lair:4)
  A skeletal warrior (D:9)
  A sea snake (Lair:6)
  A harpy (Lair:6)
  A manticore (Lair:2)
  A cyclops (D:9)
  4 black mambas
  34 elephants
  Maurice (D:9)
  2 rime drakes
  10 cane toads
  10 komodo dragons
  2 wind drakes
  A troll (D:9)
  4 polar bears
  5 hornets (Lair:6)
  5 blink frogs (Lair:3)
  7 dream sheep (Lair:1)
  6 wyverns
  Eustachio (D:6)
  21 yaks
  3 basilisks
  A steam dragon (D:8)
  Grum (D:5)
  A naga (Lair:2)
  14 water moccasins
  A black bear (D:6)
  3 ice beasts
  3 orc warriors
  2 sky beasts
  A hornet zombie (D:6)
  A phantom (D:9)
  A necrophage (D:5)
  A tengu (Lair:3)
  5 ogres
  6 wolves
  3 centaurs
  A big kobold (D:8)
  3 gnoll sergeants (D:5)
  20 bullfrogs
  A wyvern skeleton (D:8)
  2 scorpions
  4 killer bees (D:9)
  5 wights (D:9)
  3 howler monkeys
  A quasit (D:5)
  2 bullfrog zombies (D:6)
  14 hounds
  8 orc priests
  11 orc wizards
  2 bullfrog skeletons (D:5)
  2 gnoll shamans (D:5)
  5 jellies
  3 iguanas
  A centaur skeleton (D:7)
  Natasha (thrice) (D:2)
  6 worker ants
  2 hound skeletons
  3 worker ant zombies
  22 gnolls
  11 adders
  A white imp (D:9)
  3 ufetubi
  2 oozes
  An adder zombie (D:6)
  3 adder skeletons
  3 worms
  2 dart slugs
  6 leopard geckos
  33 orcs
  3 giant cockroaches
  9 hobgoblins
  6 jackals
  12 kobolds
  3 quokkas
  2 ball pythons
  4 bats
  2 frilled lizards
  3 goblins
  2 goblin skeletons (D:5)
  A hobgoblin zombie (D:5)
  A kobold zombie (D:5)
  A leopard gecko skeleton (D:4)
  5 orc skeletons (D:5)
  A quokka skeleton (D:4)
  A quokka zombie (D:5)
  9 rats
427 creatures vanquished.

Vanquished Creatures (collateral kills)
  4 foxfires
4 creatures vanquished.

Vanquished Creatures (others)
  248 foxfires
  41 fungi
  50 plants
339 creatures vanquished.

Grand Total: 770 creatures vanquished

Notes
Turn   | Place    | Note
-------+----------+-------------------------------------------
     0 | D:1      | night the Naga Venom Mage began the quest for the Orb.
     0 | D:1      | Reached XP level 1. HP: 15/15 MP: 3/3
   243 | D:1      | Reached XP level 2. HP: 21/22 MP: 0/5
  1257 | D:2      | Reached skill level 5 in Poison Magic
  1257 | D:2      | Reached XP level 3. HP: 28/28 MP: 2/7
  1380 | D:2      | Reached skill level 3 in Spellcasting
  1438 | D:2      | Reached XP level 4. HP: 31/36 MP: 2/8
  1442 | D:2      | Learned a level 3 spell: Mephitic Cloud
  1446 | D:2      | Learned a level 3 spell: Ignite Poison
  1694 | D:2      | Noticed Natasha
  1699 | D:2      | Killed Natasha
  1946 | D:2      | Noticed Natasha
  2012 | D:2      | Found a faded altar of an unknown god.
  2178 | D:2      | Found a snail-covered altar of Cheibriados.
  2246 | D:2      | Killed Natasha
  2247 | D:2      | Reached XP level 5. HP: 42/42 MP: 3/10
  2363 | D:2      | Noticed Natasha
  2371 | D:2      | Killed Natasha
  2536 | D:3      | Learned a level 4 spell: Olgreb's Toxic Radiance
  2732 | D:3      | Reached skill level 4 in Spellcasting
  2774 | D:3      | Found a runed translucent gate.
  2775 | D:3      | Found a runed translucent gate.
  2775 | D:3      | Found a runed translucent gate.
  2776 | D:3      | Noticed Goblin1989's ghost (amateur OpCK)
  3093 | D:3      | Reached XP level 6. HP: 49/49 MP: 12/12
  3499 | D:3      | Found an ornate altar of the Wu Jian Council.
  3676 | D:4      | Learned a level 2 spell: Poisonous Vapours
  4043 | D:4      | Found a staircase to the Ecumenical Temple.
  4053 | D:4      | Reached XP level 7. HP: 44/55 MP: 4/14
  4074 | Temple   | Entered the Ecumenical Temple
  4256 | Temple   | Became a worshipper of Vehumet
  4324 | D:4      | Found Arphideg's Antique Weapon Boutique.
  4332 | D:4      | Bought an encrusted arbalest for 228 gold pieces
  4349 | D:4      | Identified the +1 arbalest "Roamoan" {penet, *Corrode Int+4
                  | Dex+4 SInv} (You bought it in a shop on level 4 of the
                  | Dungeon)
  4448 | D:4      | Reached skill level 5 in Spellcasting
  5086 | D:5      | Entered Level 5 of the Dungeon
  5086 | D:5      | Found a burning altar of Makhleb.
  5121 | D:5      | Reached * piety under Vehumet
  5121 | D:5      | Offered knowledge of Magic Dart by Vehumet.
  5228 | D:5      | Found a glowing golden altar of the Shining One.
  5291 | D:5      | Reached skill level 6 in Spellcasting
  5291 | D:5      | Reached XP level 8. HP: 33/62 MP: 14/17
  5962 | D:5      | Reached skill level 10 in Poison Magic
  5994 | D:5      | Reached ** piety under Vehumet
  6087 | D:5      | Found a white marble altar of Elyvilon.
  6093 | D:5      | Offered knowledge of Foxfire by Vehumet.
  6097 | D:5      | Learned a level 1 spell: Foxfire
  6151 | D:5      | Noticed Grum
  6163 | D:5      | Killed Grum
  6164 | D:5      | Reached skill level 7 in Spellcasting
  6164 | D:5      | Reached skill level 1 in Conjurations
  6164 | D:5      | Reached skill level 1 in Fire Magic
  6469 | D:5      | Reached skill level 2 in Fire Magic
  6515 | D:5      | Reached skill level 2 in Conjurations
  6515 | D:5      | Reached XP level 9. HP: 66/68 MP: 19/19
  6683 | D:5      | Offered knowledge of Searing Ray by Vehumet.
  7074 | D:6      | Noticed Eustachio
  7080 | D:6      | Killed Eustachio
  7154 | D:6      | Noticed a two-headed ogre
  7158 | D:6      | Killed a two-headed ogre
  7159 | D:6      | Reached skill level 8 in Spellcasting
  7434 | D:6      | Reached skill level 5 in Fire Magic
  7441 | D:6      | Reached *** piety under Vehumet
  7442 | D:6      | Reached skill level 5 in Conjurations
  7489 | D:6      | Reached XP level 10. HP: 75/75 MP: 22/22
  8580 | D:7      | Got an ichor-stained hand axe
  8580 | D:7      | Identified the cursed +0 hand axe "Beetleslayer" {drain,
                  | rPois Str+7 Dex-2} (You found it on level 7 of the Dungeon)
  8748 | D:8      | Offered knowledge of Hailstorm by Vehumet.
  8876 | D:8      | Found a stormy altar of Qazlal.
  8939 | D:8      | Found an ancient bone altar of Kikubaaqudgha.
  9103 | D:8      | Reached skill level 9 in Spellcasting
  9149 | D:8      | Found a radiant altar of Vehumet.
  9614 | D:8      | Reached **** piety under Vehumet
  9619 | D:8      | Offered knowledge of Sticky Flame by Vehumet.
  9870 | D:8      | Found a staircase to the Lair.
 10007 | D:9      | Noticed Maurice
 10010 | D:9      | Killed Maurice
 10122 | D:9      | Reached XP level 11. HP: 81/81 MP: 24/24
 10127 | D:9      | Learned a level 4 spell: Sticky Flame
 10988 | D:9      | Noticed a two-headed ogre
 10991 | D:9      | Noticed a cyclops
 10995 | D:9      | Killed a two-headed ogre
 10995 | D:9      | Killed a cyclops
 10996 | D:9      | Reached skill level 10 in Spellcasting
 11026 | D:9      | Identified the +8 mace of a Gauntlet {elec, Int+5}
 11026 | D:9      | Noticed a skeletal warrior
 11043 | D:9      | HP: 7/81 [skeletal warrior/the +8 mace of a Gauntlet {elec,
                  | Int+5} (13)]
 11376 | D:9      | Identified the cursed +1 robe of Aforaski {Int+2 Dex+3}
 11381 | D:9      | Killed a skeletal warrior
 11649 | D:9      | Got an encrusted mace
 11921 | D:9      | Identified the +9 mace of Pezxorit {vorpal, rElec} (You
                  | found it on level 9 of the Dungeon)
 12035 | Lair:1   | Entered Level 1 of the Lair of Beasts
 12069 | Lair:1   | Noticed an oklob plant
 12070 | Lair:1   | Noticed an oklob plant
 12330 | Lair:1   | Noticed a five-headed hydra
 12339 | Lair:1   | Killed a five-headed hydra
 12442 | Lair:1   | Found a runed translucent gate.
 12442 | Lair:1   | Found a runed translucent gate.
 12442 | Lair:1   | Found a runed translucent gate.
 12443 | Lair:1   | Noticed Socynen's ghost (journeyman DrIE)
 12788 | Lair:1   | Got a jewelled plate armour
 12798 | Lair:1   | Identified the cursed +1 plate armour of Noughts and
                  | Crosses {Int+4} (You found it on level 1 of the Lair of
                  | Beasts)
 12820 | Lair:1   | Got a faintly humming robe
 12830 | Lair:1   | Identified the cursed +1 robe "Gurucoxu" {Str+3} (You found
                  | it on level 1 of the Lair of Beasts)
 12996 | Lair:2   | Noticed an eight-headed hydra
 13004 | Lair:2   | Killed an eight-headed hydra
 13005 | Lair:2   | Reached XP level 12. HP: 88/88 MP: 26/26
 13097 | Lair:2   | Reached ***** piety under Vehumet
 13098 | Lair:2   | Reached skill level 11 in Spellcasting
 13125 | Lair:2   | Found a staircase to the Snake Pit.
 13236 | Lair:2   | HP: 9/88 [black mamba (11)]
 13562 | Lair:2   | Offered knowledge of Yara's Violent Unravelling by Vehumet.
 13795 | Lair:2   | Found a staircase to the Shoals.
 14592 | Lair:3   | Reached skill level 10 in Conjurations
 14592 | Lair:3   | Reached skill level 10 in Fire Magic
 15119 | Lair:3   | Noticed a catoblepas
 15134 | Lair:3   | Killed a catoblepas
 15751 | Lair:4   | Reached skill level 12 in Spellcasting
 15751 | Lair:4   | Gained mutation: You can use your snake-like lower body to
                  | constrict enemies. [Naga growth]
 15751 | Lair:4   | Reached XP level 13. HP: 21/94 MP: 29/29
 17666 | Lair:5   | Found a transporter.
 17681 | Lair:5   | Found a one-way gate to the infinite horrors of the Abyss.
 17681 | Lair:5   | Noticed PanSaczeczos's ghost (journeyman TeFE)
 17681 | Lair:5   | Noticed a rakshasa
 17778 | Lair:5   | Identified the +2 spear of Fatigue {distort, Will+ Int-5
                  | Stlth+}
 17851 | Lair:5   | Reached skill level 12 in Conjurations
 17888 | Lair:5   | Reached skill level 12 in Fire Magic
 18068 | Lair:5   | Offered knowledge of Spellforged Servitor by Vehumet.
 18501 | Lair:5   | Found a transporter.
 18545 | Lair:6   | Entered Level 6 of the Lair of Beasts
 18545 | Lair:6   | Noticed Rupert
 18552 | Lair:6   | Paralysed by Rupert for 4 turns
 18806 | Lair:6   | HP: 14/94 [cane toad (10)]
 18812 | Lair:6   | Reached skill level 13 in Spellcasting
 19035 | Lair:6   | HP: 13/94 [cane toad (13)]
 19377 | Lair:6   | Reached XP level 14. HP: 90/102 MP: 31/31
 19377 | Lair:6   | Upgraded the game from 0.26-a0-1080-g4c0aae810e to
                  | 0.26-a0-1101-g8f9f7f7418
 19400 | Lair:6   | HP: 14/102 [sea snake (5)]
 19403 | Lair:6   | HP: 2/102 [sea snake (13)]
 19417 | Lair:6   | HP: 10/102 [wind drake/the air (13)]
 19418 | Lair:6   | HP: 1/102 [wind drake/the air (10)]
 20517 | Lair:6   | Noticed Josephine
 20523 | Lair:6   | HP: 15/102 [poisoned by a cane toad]
 20528 | Lair:6   | HP: 4/102 [blink frog (18)]
 20529 | Lair:6   | Slain by a blink frog

Illustrated notes

Levels and vault maps discovered:
D:1:      scummos_arrival_simple_fountains, layout_basic
D:2:      layout_loops_ring, cheibriados_altar_1, serial_co_window_serial,
          co_window_paths_a, co_window_paths_a, co_window_paths_b,
          co_window_paths_b, co_window_paths_b, co_window_paths_b,
          co_window_broadway_c, co_window_2corner, co_window_unsneaky_path_c,
          co_window_2corner, co_window_paths_d, glass_columns_a,
          chequers_ecumenical_altar_grove, uniq_natasha
D:3:      layout_loops_corners, lemuel_coloured_pillars_altar,
          gammafunk_ghost_necromancy, kennysheep_generic_room_2
D:4:      layout_cave_pools, minmay_temple_entry_drinking_statues, serial_shops,
          nicolae_shop_statue_plus
D:5:      layout_cave_pools, bloody_makhleb, nicolae_tso_besieged_by_evil,
          basic_altar, serial_gnoll_camp, gnoll_camp_huts_basic,
          gnoll_camp_medium_01, gnoll_camp_mini_doghouse, grums_kennel
D:6:      layout_basic, uniq_eustachio
D:7:      layout_basic, supply_closet_lemuel
D:8:      layout_gridville, grunt_qazlal_clouds, nicolae_overflow_crystal_walls,
          erik_lair_dragon, basic_altar
D:9:      minmay_the_grid_four_pointed_star_mashed
          [minmay_the_grid_triangle_9x9_alien,
          minmay_the_grid_triangle_9x9_wacky_v,
          minmay_the_grid_triangle_9x9_windchime,
          minmay_the_grid_triangle_9x9_stretched_checkered,
          minmay_the_grid_prize_shrinking_boxes], layout_loops_ring,
          uniq_maurice
Temple:   eino_temple_rhombus
Lair:1:   layout_roguey, ebering_ghost_rock_garden, serial_bayou_shore_a,
          minmay_lair_oklob_chamber, grunt_megastairs_4
Lair:2:   layout_regular_city, minmay_shoals_entry_beasts,
          guppyfry_snake_entry_garden, portal_ice_cave_entry_pillars_2,
          nicolae_lair_grove_arrangements, infiniplex_staircase_pool
Lair:3:   layout_roguey, minivault_27
Lair:4:   beast_lair_carwin_large_4, layout_cave_pods
Lair:5:   layout_roguey, gammafunk_ghost_abyssal_escape
Lair:6:   gammafunk_lair_ancient_temple, layout_small_grid,
          nicolae_slime_entry_slimehenge, uniq_josephine, uniq_rupert

Skill      XL: |  1  2  3  4  5  6  7  8  9 10 11 12 13 |
---------------+----------------------------------------+-----
Poison Magic   | 5 6 7 9 10 | 10.2
Spellcasting   | 3 4 6 7 8 9 10 12 13 | 13.3
Conjurations   | 2 5 7 9 10 12 | 12.7
Fire Magic     | 2 5 7 9 10 12 | 12.7
Dodging        | |  1.5
Stealth        | |  3.0
Transmutations | |  1.0

Action                   |  1- 3 |  4- 6 |  7- 9 | 10-12 | 13-15 || total
-------------------------+-------+-------+-------+-------+-------++-------
Melee: Unarmed           |    16 |       |       |       |       ||    16
       Long sword        |     3 |    46 |   108 |    96 |     2 ||   255
       Rapier            |       |     5 |       |       |       ||     5
       Mace              |       |       |       |    39 |    70 ||   109
       Constrict         |       |       |       |       |    18 ||    18
 Fire: Arbalest          |       |       |       |     8 |     3 ||    11
Throw: Dart              |       |       |       |       |     2 ||     2
 Cast: Sting             |    35 |    44 |     5 |     3 |     2 ||    89
       Ignite Poison     |       |     2 |    15 |    37 |    36 ||    90
       Mephitic Cloud    |       |     1 |     2 |     3 |     1 ||     7
       Olgreb's Toxic Ra |       |     3 |    44 |    71 |    52 ||   170
       Poisonous Vapours |       |     4 |    31 |    29 |    19 ||    83
       Foxfire           |       |       |     5 |   116 |    29 ||   150
       Sticky Flame      |       |       |       |    13 |    24 ||    37
 Abil: Spit Poison       |     2 |       |       |       |       ||     2
Evoke: Wand              |       |       |       |     1 |    10 ||    11
       Condenser vane    |       |       |       |       |     1 ||     1
  Use: Scroll            |       |     7 |       |    23 |     5 ||    35
       Potion            |       |       |       |     2 |     9 ||    11
 Stab: Sleeping          |       |     3 |       |     3 |       ||     6
       Distracted        |       |       |       |     1 |       ||     1
Armor: Robe              |     3 |     9 |       |       |       ||    12
       Leather armour    |       |       |    75 |    92 |    60 ||   227
Dodge: Dodged            |    21 |    45 |   153 |   177 |   133 ||   529
       Rpst.: Long sword |     1 |     9 |    37 |    35 |     1 ||    83

Table legend: (Time is in decaauts)
 A = Elapsed time spent in this place.
 B = Non-inter-level travel time spent in this place.
 C = Inter-level travel time spent in this place.
 D = Time resting spent in this place.
 E = Time spent auto-exploring this place.
 F = Levels seen in this place.
 G = Mean time per level.
                   A        B        C        D        E       F      G
               +--------+--------+--------+--------+--------+-----+--------+
         Total |  24437 |  23459 |    978 |   6583 |  13559 |  16 | 1527.3 |
       Dungeon |  14301 |  13645 |    656 |   3034 |   8503 |   9 | 1589.0 |
        Temple |    261 |    227 |     34 |     24 |    200 |   1 |  261.0 |
          Lair |   9874 |   9587 |    287 |   3525 |   4854 |   6 | 1645.7 |
               +--------+--------+--------+--------+--------+-----+--------+

Top non-repeatable levels by time:
     D:9: 2293 daAuts
     D:5: 2259 daAuts
  Lair:3: 1939 daAuts
  Lair:4: 1896 daAuts
  Lair:6: 1856 daAuts
     D:2: 1797 daAuts
     D:8: 1640 daAuts
     D:3: 1570 daAuts
  Lair:2: 1563 daAuts
     D:1: 1417 daAuts
  Lair:5: 1408 daAuts
     D:6: 1318 daAuts
     D:4: 1308 daAuts
  Lair:1: 1210 daAuts
     D:7: 697 daAuts
